 Dungeon Crawl Stone Soup version 0.30.1-9-gdf580d7c3d (webtiles) character file.

Game seed: 923363080301684526

73 KittyFluff the Cudgeller (level 4, -2/29 HPs)
             Began as a Gargoyle Berserker on Oct 8, 2023.
             Was a Believer of Trog.
             Splashed by a jelly's acid (12 damage)
             ... on level 4 of the Dungeon.
             The game lasted 00:08:02 (2084 turns).

KittyFluff the Cudgeller (Gargoyle Berserker)       Turns: 2084, Time: 00:08:02

Health: -2/29      AC:  8    Str: 22    XL:     4   Next: 27%
Magic:  4/4        EV: 12    Int:  8    God:    Trog [**....]
Gold:   89         SH:  0    Dex:  9    Spells: 3/3 levels left

rFire   . . .        a - +0 mace (protect)
rCold   . . .        (no shield)
rNeg    + . .        b - +0 animal skin
rPois   ∞            (no helmet)
rElec   +            (no cloak)
rCorr   .            (no gloves)
SInv    .            (no boots)
Will    .....        p - amulet of the acrobat
Stlth   +            e - ring of flight
HPRegen 0.24/turn    (no ring)
MPRegen 0.09/turn

%: acrobat
@: corroded, under a protective aura, flying
A: sickness immunity, AC +3, negative energy resistance 1, electricity
resistance, torment resistance 1, petrification resistance
a: Renounce Religion, Berserk, Trog's Hand


You were on level 4 of the Dungeon.
You worshipped Trog.
Trog was pleased with you.
You visited 1 branch of the dungeon, and saw 4 of its levels.

You collected 89 gold pieces.

Inventory:

Hand Weapons
 a - a +0 mace of protection (weapon)
 j - a +0 sling
Missiles
 l - 5 poisoned darts (quivered)
 r - 5 javelins
Armour
 b - a +0 animal skin (worn)
Jewellery
 d - an amulet of faith
 e - a ring of flight (left hand)
 p - an amulet of the acrobat (around neck)
Wands
 q - a wand of flame (29)
Scrolls
 f - a scroll of fear {unknown}
 i - 2 scrolls of enchant weapon {unknown}
 k - 2 scrolls of identify {unknown}
 o - 2 scrolls of poison {unknown}
 t - a scroll of immolation {unknown}
Potions
 c - 2 potions of curing {unknown}
 g - 2 potions of might {unknown}
 h - 2 potions of cancellation {unknown}
 m - a potion of berserk rage {unknown}
 n - a potion of lignification {unknown}
 s - a potion of magic {unknown}


   Skills:
 + Level 3.7 Fighting
 * Level 3.8 Maces & Flails
 * Level 3.3 Armour
 + Level 2.0 Dodging


You had 3 spell levels left.
You didn't know any spells.
Your spell library was empty.

Dungeon Overview and Level Annotations

Branches:
Dungeon (4/15)
 Temple: D:4-7

Altars:
Makhleb
The Shining One


Innate Abilities, Weirdness & Mutations

You are immune to sickness and miasma.
Your stone body is resilient. (AC +3)
You are immune to poison.
You resist negative energy. (rN+)
You are resistant to electric shocks. (rElec)
You are resistant to unholy torment.
You are immune to petrification.


Message History

c - 2 coppery potions (gained 1)
There is a stone staircase leading down here.
There is an open door here.
You reach down and open the door.
There is an open door here.
There is an open door here.
You reach down and open the door.
There is an open door here.
You reach down and open the door.
There is an open door here.
As you open the door, it creaks loudly!
Found a scroll labelled XELLIEMAUL.
There is an open door here.
k - 2 scrolls labelled XELLIEMAUL (gained 1)
You reach down and open the door.
There is an open door here.
An endoplasm comes into view.
The endoplasm quivers.
You hit the endoplasm.
Your weapon exudes an aura of protection.
The endoplasm is severely wounded.
The endoplasm hits you but does no damage.
You sock the endoplasm!
You kill the endoplasm!
Trog accepts your kill.
There is a stone staircase leading down here.
You fly downwards.
There is a stone staircase leading up here.
You sock the jelly!
Your weapon exudes an aura of protection.
Your hands burn!
The jelly is heavily wounded.
The jelly hits you. The acid corrodes you!
You are splashed with acid!
You barely miss the jelly.
The jelly is heavily wounded.
The jelly completely misses you.
You hit the jelly.
Your hands burn!
The jelly is severely wounded.
The jelly hits you.
You are splashed with acid!
You die...

......# .. ..#..#
..# .#..# #..
##...## ... ###
#.....##.###
....#..........#
....w.J........#.
#.@.<.......
#...........
...............
#...............
#.........#.....
...##.....##..##.
#.. ....... .# ..
.....##.. .#


You could see a worm and a jelly.

Vanquished Creatures
  2 adders (D:3)
  A worm (D:3)
  3 ball pythons
  7 endoplasms
  5 giant cockroaches
  7 goblins
  4 hobgoblins
  2 quokkas
  3 bats
  3 frilled lizards
  5 kobolds
  6 rats
48 creatures vanquished.

Notes
Turn   | Place    | Note
-------+----------+-------------------------------------------
     0 | D:1      | KittyFluff the Gargoyle Berserker began the quest for the
                  | Orb.
     0 | D:1      | Reached XP level 1. HP: 14/14 MP: 1/1
   291 | D:1      | Reached XP level 2. HP: 10/19 MP: 2/2
   419 | D:1      | You are sucked into a shaft and drop 1 floor!
   621 | D:1      | Reached ** piety under Trog
   679 | D:1      | Reached XP level 3. HP: 23/23 MP: 3/3
  1514 | D:3      | Found a glowing golden altar of the Shining One.
  1601 | D:3      | Reached XP level 4. HP: 18/29 MP: 4/4
  1681 | D:3      | Found a burning altar of Makhleb.
  2084 | D:4      | Splashed by a jelly's acid

Illustrated notes

Levels and vault maps discovered:
D:1:      lightli_arrival_isolated_outpost, layout_basic
D:2:      layout_loops_cross, hangedman_abyss_or_decor_lesser_grid
D:3:      layout_loops_ring, mainiacjoe_overflow_24_doors,
          nicolae_tso_carved_into_rock, kennysheep_generic_room_2
D:4:      layout_cave_pools, ebering_ghost_rock_garden

Skill      XL: |  1  2  3 |
---------------+----------+-----
Armour         | 3 |  3.3
Dodging        | 2 |  2.0
Fighting       | |  3.7
Maces & Flails | |  3.8

Action                     |  1- 3 |  4- 6 || total
---------------------------+-------+-------++-------
  Melee: Mace              |   130 |    24 ||   154
         Punch             |     1 |       ||     1
 Armour: Animal skin       |    58 |     8 ||    66
  Dodge: Dodged            |   107 |    11 ||   118
